 Dungeon Crawl Stone Soup version 0.18-b1-2-gd0c887e (webtiles) character file.

11088 colpogo the Basher (level 11, -2/106 HPs)
             Began as a Gargoyle Fighter on Apr 28, 2016.
             Was a Priest of the Shining One.
             Slain by a minotaur
             ... wielding an uncursed staff of cold
              (8 damage)
             ... in a labyrinth.
             The game lasted 00:40:34 (10506 turns).

colpogo the Basher (Gargoyle Fighter)              Turns: 10506, Time: 00:40:35

Health: -2/106     AC: 25    Str: 32    XL:     11   Next: 72%
Magic:  15/15      EV:  8    Int: 13    God:    the Shining One [***...]
Gold:   744        SH: 12    Dex: 12    Spells: 0 memorised, 10 levels left

rFire  . . .     SeeInvis .     J - +0 morningstar
rCold  + . .     Gourm    .     q - +0 chain mail
rNeg   + + .     Faith    .     c - +0 shield
rPois  ∞         Spirit   .     m - +1 helmet
rElec  +         Dismiss  .     A - +0 cloak
rCorr  .         Reflect  .     U - +0 pair of gloves {Dex+3}
SustAt .         Harm     .     i - +0 pair of boots
MR     .....                    P - amulet of Fedhas's Hatred {Regen+ Int+4}
Stlth  ..........               W - ring of protection from cold
                                p - +4 ring of strength

@: berserking (expiring), glowing, very quick, not resistant to hostile
enchantments, extremely unstealthy
A: negative energy resistance 1, electricity resistance, unbreathing,
petrification resistance, rot immunity, AC +7
a: Divine Shield, Renounce Religion


You were in a labyrinth.
You worshipped the Shining One.
The Shining One was most pleased with you.
You were not hungry.

You visited 3 branches of the dungeon, and saw 12 of its levels.
You also visited: Labyrinth.

You collected 744 gold pieces.

Inventory:

Hand Weapons
 C - the +2 dagger "Urunt" {pierce, Str+6}
   (You found it on level 5 of the Dungeon)

   It inflicts extra damage upon your enemies.
   It affects your strength (+6).
 J - a +0 morningstar (weapon)
Missiles
 y - 7 tomahawks (quivered)
Armour
 c - a +0 shield (worn)
 i - a +0 pair of boots (worn)
 m - a +1 helmet (worn)
 q - a +0 chain mail (worn)
 A - a +0 cloak (worn)
 O - a steam dragon hide
 U - a +0 pair of gloves of dexterity (worn)
Jewellery
 p - a +4 ring of strength (left hand)
 v - an uncursed ring of protection from magic
 D - a +2 ring of protection
 P - the amulet of Fedhas's Hatred (around neck) {Regen+ Int+4}
   (You found it on level 1 of the Lair of Beasts)

   [amulet of regeneration]

   It affects your intelligence (+4).
   It increases your rate of regeneration.
 W - a ring of protection from cold (right hand)
Wands
 u - a wand of digging (12/24)
 H - a wand of lightning (8/15)
 M - a wand of flame (19/48)
Scrolls
 e - 9 scrolls of identify
 h - 2 scrolls of enchant weapon {unknown}
 j - 2 scrolls of fear {unknown}
 l - 4 scrolls of teleportation
 n - 2 scrolls of immolation {unknown}
 t - 4 scrolls of fog
 z - a scroll of recharging {unknown}
 B - a scroll of enchant armour
 E - 2 scrolls of noise {unknown}
 F - a scroll of remove curse
 R - 2 scrolls of blinking {unknown}
Potions
 d - 2 potions of might
 g - a potion of heal wounds {unknown}
 k - 6 potions of curing
 r - a potion of brilliance {unknown}
 s - 3 potions of mutation
 w - a potion of haste
 G - 2 potions of berserk rage
 K - a potion of flight {unknown}
 S - a potion of cure mutation {unknown}
 V - a potion of agility {unknown}
Comestibles
 f - 7 bread rations
 x - 2 meat rations


   Skills:
 + Level 9.3 Fighting
 * Level 11.4 Maces & Flails
 + Level 9.2 Armour
 + Level 8.8 Shields
 - Level 5.4 Invocations


You had 10 spell levels left.
You didn't know any spells.

Dungeon Overview and Level Annotations

Branches:
Dungeon (8/15)             Temple (1/1) D:5            Lair (3/8) D:8
  Swamp: Lair:3-6    Shoals: Lair:3-6     Snake: Lair:3-6    Spider: Lair:3-6

Altars:
Ashenzari
Cheibriados
Elyvilon
Fedhas
Gozag
Kikubaaqudgha
Makhleb
Nemelex Xobeh
Okawaru
Pakellas
Qazlal
Ru
Sif Muna
Trog
Xom
Zin
The Shining One

Shops:
D:5 =   D:8 }


Innate Abilities, Weirdness & Mutations

You are resistant to torment.
Your stone body is resilient (AC +7).
You are immune to poison.
You resist negative energy.
You are resistant to electric shocks.
You can survive without breathing.
You are immune to petrification.
You are immune to rotting.


Message History

The minotaur completely misses you. You block the minotaur's attack.
Your shield and chain mail prevent you from hitting the minotaur.
The minotaur is moderately wounded.
You puncture the minotaur!
The minotaur is moderately wounded.
You block the minotaur's attack. x2
You hit the minotaur.
The minotaur is heavily wounded.
The minotaur hits you but does no damage.
The minotaur gores you but does no damage.
You puncture the minotaur!
The minotaur is severely wounded.
You hit the minotaur.
The minotaur is severely wounded.
The minotaur hits you with a staff of cold!!
* * * LOW HITPOINT WARNING * * *
The minotaur freezes you!
* * * LOW HITPOINT WARNING * * *
The minotaur gores you!
You die...

#.... .... .# #.#
#.#### #. ...#.#.
. #.# # . # .#.##
# # .... .......#
# ## # ....
......#.# #.
.#########...
##.#8=8/8.8#.###.#
..#<....H@'.....#
.#.#8[8=8.8#.#####
. #.#########...
.# # . . ## . #..
#.# # # ... ###


You could see a minotaur.

Vanquished Creatures
  A griffon (Lair:2)
  8 spiny frogs
  A rime drake (Lair:2)
  2 komodo dragons
  A troll (D:7)
  4 blink frogs
  A basilisk (Lair:1)
  14 yaks
  A hungry ghost (D:8)
  A hippogriff (Lair:1)
  A steam dragon (D:8)
  2 wargs (D:7)
  A water moccasin (Lair:2)
  2 porcupines (Lair:2)
  An ice beast (D:7)
  2 orc warriors (D:8)
  4 sky beasts
  An ogre (D:8)
  2 phantoms
  A necrophage (D:6)
  3 centaurs
  4 wolves
  3 crocodiles
  2 giant frogs
  A water moccasin zombie (D:6)
  2 scorpions
  A howler monkey (D:6)
  3 wights (D:6)
  An electric eel (Lair:2)
  3 crimson imps
  A giant frog zombie (D:6)
  9 hounds
  2 centaur zombies (D:6)
  2 orc wizards
  2 centaur skeletons
  4 orc priests
  A giant frog skeleton (D:6)
  7 iguanas
  5 worker ants
  3 howler monkey zombies
  9 adders
  A shadow imp (D:6)
  12 white imps (Lair:2)
  An ooze (D:2)
  An adder zombie (D:5)
  A worm (D:4)
  A dart slug (D:2)
  3 giant geckos
  21 orcs
  10 bats
  6 giant cockroaches
  8 hobgoblins
  6 jackals
  6 kobolds
  A quokka (D:3)
  3 ball pythons
  A giant cockroach zombie (D:6)
  A giant gecko skeleton (D:6)
  2 giant newts
  12 goblins
  A quokka skeleton (D:7)
  A quokka zombie (D:6)
  7 rats
  A plant (Lair:2)
226 creatures vanquished.

Vanquished Creatures (others)
  A fungus (Lair:2)
  A plant (Lair:2)
2 creatures vanquished.

Grand Total: 228 creatures vanquished

Notes
Turn   | Place    | Note
--------------------------------------------------------------
     0 | D:1      | colpogo the Gargoyle Fighter began the quest for the Orb.
     0 | D:1      | Reached XP level 1. HP: 14/14 MP: 1/1
   264 | D:1      | Reached XP level 2. HP: 19/19 MP: 2/2
   637 | D:1      | Reached XP level 3. HP: 23/23 MP: 3/3
  1143 | D:2      | Reached skill level 3 in Maces & Flails
  1158 | D:2      | Reached XP level 4. HP: 17/29 MP: 4/4
  1684 | D:3      | Found a faded altar to an unknown god.
  1949 | D:3      | Reached XP level 5. HP: 26/33 MP: 5/5
  2337 | D:4      | Reached skill level 4 in Maces & Flails
  2530 | D:4      | Reached XP level 6. HP: 33/38 MP: 6/6
  2653 | D:4      | Found a shattered altar of Ashenzari.
  2824 | D:4      | Found a deep blue altar of Sif Muna.
  2824 | D:4      | Found an opulent altar of Gozag.
  3068 | D:4      | Noticed a phantom
  3081 | D:4      | Killed a phantom
  3151 | D:5      | Entered Level 5 of the Dungeon
  3194 | D:5      | Reached skill level 5 in Maces & Flails
  3194 | D:5      | Reached skill level 5 in Armour
  3201 | D:5      | Got a transparent dagger
  3202 | D:5      | Identified the +2 dagger "Urunt" {pierce, Str+6} (You found it on level 5 of the Dungeon)
  3249 | D:5      | Reached XP level 7. HP: 36/44 MP: 7/7
  3408 | D:5      | Found a staircase to the Ecumenical Temple.
  3419 | Temple   | Entered the Ecumenical Temple
  3663 | Temple   | Became a worshipper of the Shining One
  3742 | D:5      | Found Paug's Jewellery Shop.
  3999 | D:5      | Reached skill level 5 in Fighting
  3999 | D:5      | Reached skill level 5 in Shields
  4334 | D:5      | Reached skill level 6 in Maces & Flails
  4334 | D:5      | Reached XP level 8. HP: 42/49 MP: 8/8
  4540 | D:6      | Reached skill level 1 in Invocations
  4896 | D:6      | Reached * piety under the Shining One
  5061 | D:6      | Reached skill level 7 in Maces & Flails
  5304 | D:7      | Noticed a troll
  5317 | D:7      | Killed a troll
  5317 | D:7      | Reached XP level 9. HP: 18/55 MP: 11/11
  5677 | D:7      | Reached ** piety under the Shining One
  6166 | D:8      | Reached skill level 8 in Maces & Flails
  6173 | D:8      | Found Riothut's Gadget Boutique.
  7206 | D:8      | Reached XP level 10. HP: 60/63 MP: 13/13
  7207 | D:8      | Found a staircase to the Lair.
  7397 | D:8      | Reached skill level 9 in Maces & Flails
  7508 | Lair:1   | Entered Level 1 of the Lair of Beasts
  7570 | Lair:1   | Got a twitching brass amulet
  7573 | Lair:1   | Identified the amulet of Fedhas's Hatred {Regen+ Int+4} (You found it on level 1 of the Lair of Beasts)
  7648 | Lair:1   | Noticed a spiny frog
  7664 | Lair:1   | Killed a spiny frog
  7979 | Lair:1   | Noticed a spiny frog
  7990 | Lair:1   | Killed a spiny frog
  8250 | Lair:1   | Noticed a spiny frog
  8260 | Lair:1   | Killed a spiny frog
  8327 | Lair:1   | Reached skill level 10 in Maces & Flails
  8327 | Lair:1   | Reached skill level 5 in Invocations
  8420 | Lair:1   | Noticed a spiny frog
  8427 | Lair:1   | Killed a spiny frog
  8590 | Lair:1   | Reached XP level 11. HP: 67/68 MP: 15/15
  8823 | Lair:2   | Reached *** piety under the Shining One
  8885 | Lair:2   | Found a frozen archway.
  8942 | Lair:2   | Noticed a griffon
  8957 | Lair:2   | Killed a griffon
  9177 | Lair:2   | Reached skill level 11 in Maces & Flails
  9918 | Lair:3   | Found a labyrinth entrance.
  9944 | Lab      | Entered a labyrinth
 10486 | Lab      | Noticed a minotaur
 10506 | Lab      | Slain by a minotaur

Skill      XL: |  1  2  3  4  5  6  7  8  9 10 11 |
---------------+----------------------------------+-----
Maces & Flails | 3 4 5 6 7 8 10 11 | 11.4
Armour         | 4 5 6 7 8 9 |  9.2
Shields        | 4 5 7 8 |  8.8
Fighting       | 4 5 6 7 8 9 |  9.3
Invocations    | 3 4 5 |  5.4

Action                   |  1- 3 |  4- 6 |  7- 9 | 10-12 || total
-------------------------+-------+-------+-------+-------++-------
Melee: Flail             |   159 |   269 |   399 |   175 ||  1002
       Morningstar       |       |       |       |   236 ||   236
Invok: Divine Shield     |       |       |       |     3 ||     3
  Use: Scroll            |       |     1 |       |    10 ||    11
       Potion            |       |       |     1 |     2 ||     3
  Eat: Chunk             |     1 |     7 |    14 |     9 ||    31
       Pizza             |       |       |     1 |       ||     1
       Meat ration       |       |       |       |     1 ||     1
       Beef jerky        |       |       |       |     1 ||     1
Armor: Scale mail        |   112 |    32 |       |       ||   144
       Chain mail        |       |   175 |   222 |   181 ||   578
Dodge: Dodged            |    69 |   107 |    93 |    84 ||   353
Block: Shield            |   102 |   179 |   198 |   271 ||   750
